 Dungeon Crawl Stone Soup version 0.18.1-48-g4cf74bf (webtiles) character file.

14525 Gargoyl the Protected (level 11, 0/69 HPs)
             Began as a Demonspawn Abyssal Knight on Aug 4, 2016.
             Was the Champion of Lugonu.
             Slain by a nine-headed hydra (4 damage)
             ... on level 1 of the Lair of Beasts.
             The game lasted 00:24:43 (11973 turns).

Gargoyl the Protected (Demonspawn Abyssal Knight)  Turns: 11973, Time: 00:24:44

Health: 0/69       AC: 28    Str: 19    XL:     11   Next: 89%
Magic:  12/12      EV:  9    Int: 15    God:    Lugonu [******]
Gold:   125        SH: 10    Dex: 16    Spells: 0 memorised, 10 levels left

rFire  + . .     SeeInvis +     y - +6 hand axe
rCold  . . .     Gourm    .     n - +7 chain mail of Mirth {Str+3 Int+2}
rNeg   . . .     Faith    .     x - +0 shield
rPois  .         Spirit   .     l - +2 helmet
rElec  .         Dismiss  .     m - +2 cloak
rCorr  .         Reflect  .     (gloves unavailable)
SustAt .         Harm     .     s - +0 pair of boots
MR     .....                    q - amulet of magic regeneration
Stlth  ..........               (no ring)
                                k - ring of Ocael {Fire Dex+3 SInv}

@: not resistant to hostile enchantments, extremely unstealthy
A: claws 3, icy blue scales 1, cold resistance 1, frail 2, spiny 2
a: Depart the Abyss, Bend Space, Banish, Corrupt, Enter the Abyss, Brand Weapon
With Distortion, Renounce Religion


You were on level 1 of the Lair of Beasts.
You worshipped Lugonu.
Lugonu was exalted by your worship.
You were not hungry.

You visited 2 branches of the dungeon, and saw 11 of its levels.
You visited the Abyss 1 time.

You collected 720 gold pieces.
You spent 595 gold pieces at shops.

Inventory:

Hand Weapons
 b - a +0 war axe
 y - a +6 hand axe (weapon)
Missiles
 d - 3 javelins of returning (quivered)
 z - 4 steel tomahawks
Armour
 l - a +2 helmet (worn)
 m - a +2 cloak (worn)
 n - the +7 chain mail of Mirth (worn) {Str+3 Int+2}
   (You bought it in a shop on level 10 of the Dungeon)

   It affects your strength (+3).
   It affects your intelligence (+2).
 s - a +0 pair of boots (worn)
 x - a +0 shield (worn)
Jewellery
 k - the ring of Ocael (left claw) {Fire Dex+3 SInv}
   (You found it on level 9 of the Dungeon)

   [ring of fire]

   It enhances your fire magic, and weakens your ice magic.
   It affects your dexterity (+3).
   It protects you from fire.
   It makes you vulnerable to cold.
   It lets you see invisible.
 q - an amulet of magic regeneration (around neck)
Wands
 p - a wand of acid (13/15)
 v - a wand of lightning (10/15)
 A - a wand of lightning (9/15)
Scrolls
 f - 2 scrolls of identify
 g - 5 scrolls of teleportation
 h - 5 scrolls of remove curse
 i - a scroll of amnesia
 r - 2 scrolls of enchant weapon
 B - 2 scrolls of fear
 G - a scroll of fog
Potions
 e - 2 potions of curing
 w - a potion of resistance {unknown}
 C - 2 potions of cure mutation {unknown}
Books
 j - a Fen Folio

   Spells                             Type                      Level
   a - Corpse Rot                     Necromancy                   2
   b - Stone Arrow                    Conjuration/Earth            3
   c - Leda's Liquefaction            Hexes/Earth                  4
   d - Summon Forest                  Summoning/Translocation      5
   e - Hydra Form                     Transmutation                6
   f - Summon Hydra                   Summoning                    7
 o - a book of Misfortune

   Spells                             Type                      Level
   a - Confusing Touch                Hexes                        2
   b - Confuse                        Hexes                        3
   c - Gell's Gravitas                Hexes/Translocation          3
   d - Petrify                        Transmutation/Earth          4
   e - Metabolic Englaciation         Hexes/Ice                    5
   f - Yara's Violent Unravelling     Hexes/Transmutation          5
 u - a book of Beasts

   Spells                             Type                      Level
   a - Summon Butterflies             Summoning                    1
   b - Call Canine Familiar           Summoning                    3
   c - Summon Ice Beast               Ice/Summoning                4
   d - Summon Mana Viper              Hexes/Summoning              5
   e - Summon Hydra                   Summoning                    7
Miscellaneous
 F - a phial of floods
Comestibles
 a - 8 slices of pizza
 c - 6 bread rations
 t - 2 royal jellies
 D - 2 beef jerkies
 E - 2 fruits
 H - 3 chunks of flesh


   Skills:
 + Level 8.5 Fighting
 + Level 8.0 Axes
 + Level 2.0 Throwing
 * Level 11.6 Armour
 + Level 5.8 Dodging
 + Level 1.7 Stealth
 + Level 5.0 Shields
 + Level 2.6 Invocations


You had 10 spell levels left.
You didn't know any spells.

Dungeon Overview and Level Annotations

Branches:
Dungeon (10/15)            Temple (0/1) D:4            Lair (1/8) D:10
    Orc: D:9-12

Altars:
Elyvilon
Fedhas
Gozag
Kikubaaqudgha
Nemelex Xobeh
Xom

Shops:
D:9 :   D:10 *


Innate Abilities, Weirdness & Mutations

You have claws for hands.
You are partially covered in icy blue scales (AC +1).
Your flesh is cold resistant.
You are mostly covered in sharp spines.
You are very frail (-20% HP).


Message History

The nine-headed hydra bites you!
* * * LOW HITPOINT WARNING * * *
The nine-headed hydra bites you!
* * * LOW HITPOINT WARNING * * *
The nine-headed hydra bites you but does no damage.
You block the nine-headed hydra's attack.
The nine-headed hydra bites you but does no damage.
The nine-headed hydra closely misses you.
The nine-headed hydra bites you but does no damage.
The nine-headed hydra bites you.
* * * LOW HITPOINT WARNING * * *
You hit the nine-headed hydra.
The nine-headed hydra is moderately wounded.
The nine-headed hydra closely misses you.
The nine-headed hydra bites you but does no damage.
The nine-headed hydra bites you.
* * * LOW HITPOINT WARNING * * *
You block the nine-headed hydra's attack.
The nine-headed hydra bites you.
You die...

........♣..>..♣............
.....##.........#..##...
......##...♣....#..# .
........#.....##...# .
.......###...## .. ..
.......###...## ## #...
+#.#P.###.....###P#.P...
........♣♣.>.♣..........
........#.......@D..(...
.........#.♣.##.........
.##.####.##.##.+#.#.....
.#......#....#..........
.............#.....#....
.#......P....#..........
♣♣♣♣....P....#.......... ♣
♣♣...#....#[.........+
♣♣♣♣♣♣.............#....##


You could see a nine-headed hydra.

Vanquished Creatures
  Erolcha (D:10)
  2 unseen horrors (D:10)
  The ghost of schammes the Blocker, a novice GrFi of Qazlal (D:9)
  Maurice (D:10)
  A spiny frog (Lair:1)
  2 komodo dragons (Lair:1)
  2 trolls (D:9)
  Grinder (D:6)
  Sigmund (D:2)
  Eustachio (D:6)
  19 yaks
  3 hippogriffs
  2 hungry ghosts
  A human (D:10)
  3 water moccasins
  3 porcupines (Lair:1)
  A sky beast (D:10)
  3 orc warriors
  4 ice beasts
  3 phantoms
  2 necrophages
  11 wolves (Lair:1)
  5 ogres
  6 centaurs
  A crocodile (Lair:1)
  A big kobold (D:9)
  3 gnoll sergeants (D:6)
  7 giant frogs
  6 scorpions
  4 killer bees (D:9)
  6 wights
  2 howler monkeys (D:10)
  5 crimson imps
  2 giant frog zombies (D:7)
  A quasit (D:6)
  6 hounds
  A centaur skeleton (D:5)
  A jelly (D:9)
  A giant frog skeleton (D:4)
  4 orc priests
  Crazy Yiuf (D:6)
  Ijyb (D:2)
  Terence (D:1)
  4 worker ants
  4 iguanas
  7 orc wizards
  2 hound zombies
  A hound skeleton (D:10)
  3 worker ant zombies
  Robin (D:2)
  7 river rats (Lair:1)
  11 adders
  An ooze (D:1)
  An adder zombie (D:9)
  An adder skeleton (D:6)
  3 worms
  3 dart slugs
  6 giant geckos
  40 orcs
  6 giant cockroaches
  20 goblins
  9 hobgoblins
  15 jackals
  4 quokkas
  2 ball pythons
  7 bats
  A giant gecko skeleton (D:4)
  A giant gecko zombie (D:5)
  4 giant newts
  A jackal skeleton (D:5)
  10 kobolds
  5 rats
313 creatures vanquished.

Notes
Turn   | Place    | Note
--------------------------------------------------------------
     0 | Abyss:1  | Gargoyl the Demonspawn Abyssal Knight began the quest for the Orb.
     0 | Abyss:1  | Reached XP level 1. HP: 18/18 MP: 2/2
    63 | Abyss:1  | Noticed a smoke demon
    86 | D:1      | Escaped the Abyss
    98 | D:1      | Reached skill level 2 in Armour
   440 | D:1      | Reached * piety under Lugonu
   440 | D:1      | Gained mutation: Your flesh is cold resistant. [demonic ancestry]
   440 | D:1      | Reached XP level 2. HP: 23/24 MP: 3/3
   900 | D:1      | Reached skill level 1 in Dodging
  1047 | D:1      | Reached XP level 3. HP: 29/29 MP: 4/4
  1328 | D:2      | Noticed Terence
  1331 | D:2      | Noticed Robin
  1352 | D:1      | Killed Terence
  1420 | D:2      | Gained mutation: You are partially covered in icy blue scales (AC +1). [demonic ancestry]
  1420 | D:2      | Reached XP level 4. HP: 26/35 MP: 5/5
  1421 | D:2      | Reached ** piety under Lugonu
  1427 | D:2      | Killed Robin
  1683 | D:2      | Reached skill level 3 in Armour
  1976 | D:2      | Found an opulent altar of Gozag.
  2101 | D:2      | Noticed Ijyb
  2111 | D:2      | Killed Ijyb
  2111 | D:2      | Reached XP level 5. HP: 40/42 MP: 6/6
  2153 | D:2      | Noticed Sigmund
  2195 | D:2      | Killed Sigmund
  2195 | D:2      | Reached skill level 4 in Armour
  2195 | D:2      | Gained mutation: You are partially covered in sharp spines. [demonic ancestry]
  2195 | D:2      | Reached XP level 6. HP: 26/48 MP: 7/7
  2596 | D:3      | Reached *** piety under Lugonu
  3187 | D:3      | Found a sparkling altar of Nemelex Xobeh.
  3230 | D:4      | Found a staircase to the Ecumenical Temple.
  3335 | D:4      | Gained mutation: You are mostly covered in sharp spines. [demonic ancestry]
  3335 | D:4      | Reached XP level 7. HP: 49/55 MP: 8/8
  3555 | D:4      | Reached skill level 1 in Throwing
  3686 | D:4      | Reached skill level 5 in Armour
  3986 | D:5      | Entered Level 5 of the Dungeon
  3987 | D:5      | Reached **** piety under Lugonu
  4478 | D:5      | Reached skill level 5 in Fighting
  4478 | D:5      | Reached skill level 6 in Armour
  4478 | D:5      | Gained mutation: You have sharp fingernails. [demonic ancestry]
  4478 | D:5      | Reached XP level 8. HP: 58/62 MP: 9/9
  4858 | D:6      | Noticed Grinder
  4872 | D:6      | Killed Grinder
  5023 | D:6      | Reached skill level 7 in Armour
  5107 | D:6      | Noticed Eustachio
  5336 | D:7      | Gained mutation: You have very sharp fingernails. [demonic ancestry]
  5336 | D:7      | Reached XP level 9. HP: 34/67 MP: 10/10
  5501 | D:7      | Reached skill level 5 in Axes
  5642 | D:6      | Noticed Crazy Yiuf
  5646 | D:6      | Killed Crazy Yiuf
  5646 | D:6      | Reached skill level 8 in Armour
  5706 | D:6      | Found an ancient bone altar of Kikubaaqudgha.
  6116 | D:6      | Killed Eustachio
  6138 | D:6      | Reached ***** piety under Lugonu
  6633 | D:8      | Reached skill level 9 in Armour
  6904 | D:8      | Got a twisted chain mail
  6905 | D:8      | Identified the cursed +0 chain mail of Indecent Exposure {-Cast Int+4 Stlth+} (You found it on level 8 of the Dungeon)
  7405 | D:9      | Found an ancient bone altar of Kikubaaqudgha.
  7437 | D:9      | Noticed a troll
  7439 | D:9      | Gained mutation: You have claws for hands. [demonic ancestry]
  7439 | D:9      | Reached XP level 10. HP: 67/75 MP: 11/11
  7449 | D:9      | Reached skill level 1 in Shields
  7451 | D:9      | HP: 2/75 [troll (10)]
  8201 | D:9      | Found a white marble altar of Elyvilon.
  8374 | D:9      | Found Soes's Book Emporium.
  8453 | D:9      | Noticed schammes's ghost (novice GrFi)
  8479 | D:9      | Gained mutation: You are frail (-10% HP). [potion of mutation]
  8479 | D:9      | Gained mutation: You are very frail (-20% HP). [potion of mutation]
  8492 | D:9      | Killed schammes's ghost
  8492 | D:9      | Reached skill level 10 in Armour
  8492 | D:9      | Reached skill level 1 in Stealth
  8718 | D:9      | HP: 2/63 [troll (5)]
  9056 | D:9      | Got a scorched bone ring
  9089 | D:9      | Identified the ring of Ocael {Fire Dex+3 SInv} (You found it on level 9 of the Dungeon)
  9115 | D:9      | Found a blossoming altar of Fedhas.
  9178 | D:9      | Found a shimmering altar of Xom.
  9407 | D:10     | Entered Level 10 of the Dungeon
  9547 | D:10     | Reached ****** piety under Lugonu
  9740 | D:10     | Found Ofikluots's Assorted Antiques.
  9745 | D:10     | Bought a large onyx ring for 170 gold pieces
  9747 | D:10     | Bought a shimmering chain mail for 323 gold pieces
  9747 | D:10     | Bought a potion of curing for 102 gold pieces
  9748 | D:10     | Identified the +7 chain mail of Mirth {Str+3 Int+2} (You bought it in a shop on level 10 of the Dungeon)
 10036 | D:10     | Noticed an unseen horror
 10045 | D:10     | Killed an unseen horror
 10045 | D:10     | Reached skill level 5 in Dodging
 10045 | D:10     | Reached XP level 11. HP: 64/68 MP: 12/12
 10058 | D:10     | Found a staircase to the Lair.
 10097 | D:10     | Noticed Maurice
 10108 | D:10     | Killed Maurice
 10259 | D:10     | Noticed an unseen horror
 10266 | D:10     | Killed an unseen horror
 10322 | D:10     | Noticed Erolcha
 10333 | D:10     | Killed Erolcha
 10333 | D:10     | Reached skill level 11 in Armour
 10614 | Lair:1   | Entered Level 1 of the Lair of Beasts
 11730 | Lair:1   | Reached skill level 5 in Shields
 11965 | Lair:1   | Noticed a six-headed hydra
 11973 | Lair:1   | Slain by a nine-headed hydra

Skill      XL: |  1  2  3  4  5  6  7  8  9 10 11 |
---------------+----------------------------------+-----
Armour         | 2 3 4 6 7 9 10 11 | 11.6
Dodging        | 1 2 3 4 5 |  5.8
Axes           | 2 3 4 6 7 8 |  8.0
Fighting       | 4 5 6 7 8 |  8.5
Throwing       | 1 2 |  2.0
Shields        | 3 5 |  5.0
Stealth        | 1 |  1.7
Invocations    | |  2.6

Action                   |  1- 3 |  4- 6 |  7- 9 | 10-12 || total
-------------------------+-------+-------+-------+-------++-------
Melee: Hand axe          |   126 |   157 |   248 |   386 ||   917
Throw: Javelin           |     9 |     8 |     7 |     3 ||    27
Invok: Depart the Abyss  |     1 |       |       |       ||     1
       Bend Space        |       |       |       |     1 ||     1
  Use: Potion            |       |     2 |       |    12 ||    14
       Scroll            |       |       |    13 |     9 ||    22
 Stab: Invisible         |       |       |       |     2 ||     2
  Eat: Chunk             |     2 |     6 |     8 |    12 ||    28
       Bread ration      |       |       |     1 |     1 ||     2
       Meat ration       |       |       |     1 |       ||     1
       Beef jerky        |       |       |     1 |       ||     1
Armor: Leather armour    |     3 |       |       |       ||     3
       Ring mail         |    16 |       |       |       ||    16
       Chain mail        |    60 |   127 |   159 |   267 ||   613
       Skin              |       |       |       |     1 ||     1
Dodge: Dodged            |    57 |    60 |    86 |   112 ||   315
Block: Shield            |       |       |    30 |   212 ||   242
